AoeStats
← FORE_PoLiCe

MegaRandom

510366506Analyzed
2v2 RM · 11h ago on Sep 30, 2026· 26m 45s· 4 players
Game mode
Random Map
Map size
Medium (4 player)
Population
200
Speed
Normal
Resources
Standard
Victory
Conquest
Starting age
Dark Age
Ending age
Imperial Age
RankedLock teamsTeams togetherTeam positionsShared explorationLock speedFull tech treeHidden civsTurbo modeCheats
Victory
Defeat
🇮🇳 Mongols · India
1256
+10
🇮🇳 Malay · India
1073
+17
🇳🇴 Khmer · Norway
1112
-14
🇳🇴 Magyars · Norway
1104
-13
mistaballista
4:56 Loom
10:48 Feudal Age
16:32 Castle Age
LuckySmurf
1:57 Loom
11:05 Feudal Age
11:41 Town Watch
17:55 Castle Age
18:55 Fletching
19:02 Pikeman
Fore_Ruthless
4:59 Loom
7:56 Feudal Age
12:23 Fletching
14:22 Town Watch
21:08 Castle Age
20:05 Padded Archer Armor
21:47 Bodkin Arrow
21:17 Crossbowman
23:31 Double-Bit Axe
FORE_PoLiCe
6:02 Loom
14:17 Feudal Age
18:01 Castle Age
18:09 Pikeman
20:26 Husbandry
23:54 Scale Barding Armor
26:34 Wheelbarrow
Connection lost

Rejoining the realm…

Still unreachable

The connection could not be restored.

Session expired

The server has moved on; the page needs a fresh start.